 Dungeon Crawl Stone Soup version 0.30.1 (webtiles) character file.

Game seed: 1744310967078649602

193 javelincjr the Caller (level 5, 0/37 HPs)
             Began as a Demonspawn Summoner on July 12, 2023.
             Slain by an adder (2 damage)
             ... in a sewer on July 13, 2023.
             The game lasted 00:12:18 (2299 turns).

javelincjr the Caller (Demonspawn Summoner)         Turns: 2299, Time: 00:12:19

Health: 0/37       AC:  2    Str:  8    XL:     5   Next: 44%
Magic:  9/9        EV: 12    Int: 18    God:
Gold:   118        SH:  0    Dex: 14    Spells: 4/10 levels left

rFire   x . .        f - +1 hand axe (freeze)
rCold   + . .        (no shield)
rNeg    . . .        a - +0 robe
rPois   .            (no helmet)
rElec   .            (no cloak)
rCorr   .            (no gloves)
SInv    .            (no boots)
Will    .....        m - amulet of magic regeneration
Stlth   +            j - ring of ice
HPRegen 0.26/turn    (no ring)
MPRegen 0.51/turn

%: no passive effects
@: confused, ambrosia-drunk
A: powered by death 1
a: no special abilities


You were in a sewer.
You visited 1 branch of the dungeon, and saw 3 of its levels.
You also visited: Sewer.

You collected 118 gold pieces.

Inventory:

Hand Weapons
 c - a +0 war axe
 f - a +1 hand axe of freezing (weapon)
 l - a +0 spear
Missiles
 k - 3 throwing nets
Armour
 a - a +0 robe (worn)
Jewellery
 j - a ring of ice (left hand)
 m - an amulet of magic regeneration (around neck)
Scrolls
 d - 2 scrolls of immolation {unknown}
 e - a scroll of magic mapping {unknown}
 h - a scroll of blinking {unknown}
 n - 3 scrolls of fog {unknown}
 o - 2 scrolls of identify {unknown}
 p - a scroll of enchant armour {unknown}
 s - a scroll of brand weapon {unknown}
Potions
 b - a potion of magic
 g - a potion of lignification {unknown}
 i - a potion of ambrosia
 q - a potion of might {unknown}
 r - 2 potions of cancellation {unknown}
 t - a potion of haste {unknown}
 u - a potion of heal wounds {unknown}


   Skills:
 + Level 1.1 Fighting
 + Level 2.8 Dodging
 + Level 3.0 Stealth
 * Level 3.1 Spellcasting
 * Level 4.8 Summonings


You had 4 spell levels left.
You knew the following spells:

 Your Spells              Type           Power      Damage    Failure   Level
a - Summon Small Mammal   Summ           80%        N/A       2%          1
b - Call Imp              Summ           40%        N/A       3%          2
c - Call Canine Familiar  Summ           20%        N/A       7%          3

Your spell library contained the following spells:

 Spells                   Type           Power      Damage    Failure   Level
 Summon Guardian Golem    Hex/Summ       11%        N/A       19%         3
 Poisonous Vapours        Pois/Air       4%         N/A       24%         2
 Mephitic Cloud           Conj/Pois/Air  2%         N/A       43%         3
 Summon Lightning Spire   Summ/Air       11%        N/A       52%         4
 Freezing Cloud           Conj/Ice/Air   2%         6-21      99%         5


Dungeon Overview and Level Annotations

Branches:
Dungeon (3/15)              Sewer (1/1)

Altars:


Innate Abilities, Weirdness & Mutations

You regenerate a little health from kills.


Message History

You hit the bullfrog.
The bullfrog seems to slow down.
You freeze the bullfrog.
The bullfrog is moderately wounded.
You hit the bullfrog.
The bullfrog seems to slow down.
You freeze the bullfrog.
The adder closely misses your cerulean imp.
The adder misses your cerulean imp. The adder bites your rat.
Your rat dies!
Your rat's corpse disappears in a puff of smoke!
The adder closely misses your cerulean imp.
The adder bites your rat.
Your rat is poisoned.
The adder poisons your rat!
Your rat splashes around in the water.
The bullfrog hits you. x2
* * * LOW HITPOINT WARNING * * *
Your cerulean imp misses the adder.
The adder bites your cerulean imp.
Your cerulean imp is poisoned.
The adder poisons your cerulean imp!
Casting: Summon Small Mammal (safe; 2% risk of failure)
Confirm with . or Enter, or press ? or * to list all spells.
Your rat dies!
Your rat's corpse disappears in a puff of smoke!
The adder bites your cerulean imp but does no damage.
The adder closely misses your cerulean imp.
The adder bites you.
* * * LOW HITPOINT WARNING * * *
The bullfrog barely misses you.
Your cerulean imp closely misses the adder.
The adder bites your cerulean imp. The bullfrog hits you.
* * * LOW HITPOINT WARNING * * *
The adder misses your cerulean imp.
It was a potion of ambrosia.
You are confused.
You feel invigorated.
Your cerulean imp dies!
Your cerulean imp disappears in a puff of smoke!
The adder barely misses you. The bullfrog hits you.
* * * LOW HITPOINT WARNING * * *
The bullfrog hits you.
* * * LOW HITPOINT WARNING * * *
The adder bites you.
You die...

.....#
#......#
~~.~.#
#.~~~~.#
~~~~~#
#~~≈~~~#
≈≈~~~#
#~~~~≈~#
≈~~~~#
#≈~~~S≈#
~~~~~#
#≈~~J~S#
~~~~≈#
#≈~~JSS#
~~~≈≈#
#≈≈~FSS#
~~~≈≈#
#≈≈≈F@~#
~.~.##
#≈≈≈~h~#
~.[~≈#
#≈≈~≈~~#
..~~##
#≈≈~~≈~#
≈†~~~#
#≈~~~~≈#
≈≈†~~#
#≈~~~~≈#
~~~~~#
#≈~~~~≈#
~~~~≈#
#≈~~~≈~#
~~~~~#
#####~~~~~~#


You could see 2 bullfrogs, 4 adders, 2 endoplasms, a ball python and a friendly
hound (summoned).

Vanquished Creatures
  3 adders
  2 gnolls (D:2)
  A river rat (Sewer)
  A dart slug (D:2)
  8 ball pythons
  5 endoplasms
  2 giant cockroaches
  5 goblins
  A hobgoblin (D:1)
  A jackal (D:1)
  6 kobolds
  5 quokkas
  4 bats
  A frilled lizard (D:1)
  9 rats
54 creatures vanquished.

Vanquished Creatures (collateral kills)
  A gnoll (D:2)
  3 river rats (Sewer)
  An adder (Sewer)
  A dart slug (D:1)
  5 ball pythons
  A bat (D:2)
  2 endoplasms
  A giant cockroach (D:3)
  A goblin (D:2)
  3 jackals (D:1)
  A quokka (D:3)
  3 frilled lizards (Sewer)
  2 kobolds (D:1)
  16 rats
41 creatures vanquished.

Grand Total: 95 creatures vanquished

Notes
Turn   | Place    | Note
-------+----------+-------------------------------------------
     0 | D:1      | javelincjr the Demonspawn Summoner began the quest for the
                  | Orb.
     0 | D:1      | Reached XP level 1. HP: 13/13 MP: 3/3
   236 | D:1      | Gained mutation: You regenerate a little health from kills.
                  | [demonic ancestry]
   236 | D:1      | Reached XP level 2. HP: 19/19 MP: 1/5
   401 | D:1      | Learned a level 2 spell: Call Imp
   485 | D:1      | Reached XP level 3. HP: 24/24 MP: 3/6
  1095 | D:2      | Reached XP level 4. HP: 19/30 MP: 3/7
  1100 | D:2      | Learned a level 3 spell: Call Canine Familiar
  2032 | D:3      | Found a glowing drain.
  2049 | Sewer    | Entered a sewer
  2137 | Sewer    | Reached XP level 5. HP: 16/36 MP: 9/9
  2246 | Sewer    | Reached skill level 1 in Fighting
  2299 | Sewer    | Slain by an adder

Illustrated notes

Levels and vault maps discovered:
D:1:      dpeg_arrival_stone_temple_mockup, layout_loops_ring
D:2:      layout_basic, serial_corexii_hall, corexii_hall_statues_l,
          chequers_hall_statues_corner_a, corexii_hall_statues_i,
          chequers_hall_statues_wall_a
D:3:      layout_loops_cross, portal_sewer_entry_f, uniq_sigmund
Sewer:    sewer_minmay_w

Skill      XL: |  1  2  3  4  5 |
---------------+----------------+-----
Dodging        | 2 |  2.8
Stealth        | 2 3 |  3.0
Spellcasting   | 3 |  3.1
Fighting       | 1 |  1.1
Summonings     | |  4.8

Action                     |  1- 3 |  4- 6 || total
---------------------------+-------+-------++-------
  Melee: War axe           |    14 |       ||    14
         Hand axe          |    51 |    84 ||   135
   Cast: Summon Small Mamm |    31 |     4 ||    35
         Call Imp          |     9 |     9 ||    18
         Call Canine Famil |       |     7 ||     7
    Use: Potion            |       |     1 ||     1
   Stab: Sleeping          |     1 |     2 ||     3
         Distracted        |     1 |     1 ||     2
 Armour: Robe              |    18 |    11 ||    29
  Dodge: Dodged            |    55 |    73 ||   128
